 Dungeon Crawl Stone Soup version 0.31-a0-435-g2c6fae2916 (webtiles) character file.

Game seed: 17163260250839521794

61 Newt the Shooter (level 4, -3/30 HPs)
             Began as a Kobold Hunter on Aug 1, 2023.
             Slain by Terence
             ... wielding a +0 flail
              (4 damage)
             ... on level 2 of the Dungeon.
             The game lasted 00:01:22 (1318 turns).

Newt the Shooter (Kobold Hunter)                    Turns: 1318, Time: 00:01:22

Health: -3/30      AC: 15    Str:  8    XL:     4   Next: 27%
Magic:  4/4        EV:  7    Int: 14    God:
Gold:   906        SH:  0    Dex: 25    Spells: 3/3 levels left

rFire   . . .        a - +0 shortbow
rCold   . . .        (shield currently unavailable)
rNeg    . . .        d - +7 chain mail of Muitoirr {Int+4 Dex+5}
rPois   .            (no helmet)
rElec   .            (no cloak)
rCorr   .            (no gloves)
SInv    .            (no boots)
Will    .....        (no amulet)
Stlth   +            (no ring)
HPRegen 0.25/turn    (no ring)
MPRegen 0.09/turn

%: no passive effects
@: about to teleport
A: small, no large weapons, nightstalker 3
a: no special abilities


You were on level 2 of the Dungeon.
You visited 1 branch of the dungeon, and saw 2 of its levels.

You collected 906 gold pieces.

Inventory:

Hand Weapons
 a - a +0 shortbow (weapon)
Armour
 c - a +0 leather armour
 d - the +7 chain mail of Muitoirr (worn) {Int+4 Dex+5}
   (You acquired it on level 2 of the Dungeon)

   Int:       It affects your intelligence (+4).
   Dex:       It affects your dexterity (+5).
Jewellery
 e - a +6 ring of strength
Scrolls
 b - a scroll of butterflies
 g - a scroll of enchant weapon {unknown}
 h - a scroll of identify
 i - 2 scrolls of teleportation
 j - a scroll of noise {unknown}
Potions
 f - a potion of enlightenment


   Skills:
 + Level 4.6 Fighting
 - Level 5.3 Ranged Weapons
 - Level 2.4 Dodging
 - Level 1.3 Stealth


You had 3 spell levels left.
You didn't know any spells.
Your spell library contained the following spells:

 Spells                   Type           Power      Damage    Failure   Level
 Slow                     Hex            0%         N/A       100%        1
 Confusing Touch          Hex            0%         N/A       100%        3
 Vampiric Draining        Necr           0%         2d6       100%        3


Dungeon Overview and Level Annotations

Branches:
Dungeon (2/15)

Altars:

Annotations:
D:2 Terence


Innate Abilities, Weirdness & Mutations

You are small and have problems with some larger weapons.
You are completely attuned to the shadows.


Message History

No target in view!
Terence the Incautious comes into view.
He is wielding a +0 flail.
Terence is nearby!
You shoot an arrow. The arrow hits Terence.
Terence is moderately wounded.
Terence screams, "I'm going to kill you!"
You shoot an arrow. The arrow barely misses Terence.
Terence hits you but does no damage.
You shoot an arrow. The arrow barely misses Terence.
Terence asks, "Do you want it fast or slow?"
Terence hits you with a +0 flail! x2
You are too injured to fight recklessly!
You are too injured to fight recklessly!
You are too injured to fight recklessly!
You are too injured to fight recklessly!
You are too injured to fight recklessly!
You are too injured to fight recklessly!
You are too injured to fight recklessly!
You are too injured to fight recklessly!
You are too injured to fight recklessly!
You are too injured to fight recklessly!
Terence is nearby!
Unknown command.
You shoot an arrow. The arrow barely misses Terence.
Terence closely misses you. Terence hits you with a +0 flail.
You shoot an arrow.
The arrow hits Terence but does no damage.
Terence is moderately wounded.
Terence hits you with a +0 flail.
* * * LOW HITPOINT WARNING * * *
Terence hits you with a +0 flail.
* * * LOW HITPOINT WARNING * * *
Okay, then.
Okay, then.
As you read the scroll labelled ONAICI HIANUA, it crumbles to dust.
You feel strangely unstable.
It was a scroll of teleportation.
Terence hits you with a +0 flail.
* * * LOW HITPOINT WARNING * * *
Terence attacks as you move away! Terence hits you with a +0 flail.
You die...

#...## ##.##
.###.##############
.........[.........
.....##############
###### ## ###########
#.
...@@.....##########.
#########............
#############


You could see Terence.

Vanquished Creatures
  A gnoll (D:1)
  2 adders (D:2)
  A worm (D:2)
  2 ball pythons (D:2)
  2 bats
  4 endoplasms (D:1)
  A goblin (D:1)
  5 hobgoblins
  A quokka (D:1)
  7 frilled lizards
  3 kobolds (D:1)
  3 rats
32 creatures vanquished.

Notes
Turn   | Place    | Note
-------+----------+-------------------------------------------
     0 | D:1      | Newt the Kobold Hunter began the quest for the Orb.
     0 | D:1      | Reached XP level 1. HP: 12/12 MP: 1/1
     2 | D:1      | Noticed a human
     2 | D:1      | Noticed a vampire
     4 | D:1      | Noticed a merfolk
     4 | D:1      | Noticed a tengu
     6 | D:1      | Noticed a naga
     6 | D:1      | Noticed a ghoul
     8 | D:1      | Noticed a demigod
     8 | D:1      | Noticed a demonspawn
    10 | D:1      | Noticed an ogre
    12 | D:1      | Noticed a spriggan
    12 | D:1      | Noticed a minotaur
    14 | D:1      | Noticed a felid
    16 | D:1      | Noticed a meteoran
    16 | D:1      | Noticed an octopode
    18 | D:1      | Noticed a draconian
    18 | D:1      | Noticed a vine stalker
    20 | D:1      | Noticed an elf
    20 | D:1      | Noticed a troll
    22 | D:1      | Noticed a formicid
    22 | D:1      | Noticed an armataur
    24 | D:1      | Noticed a ghoul
    24 | D:1      | Noticed a gargoyle
    26 | D:1      | Noticed a formicid
    69 | D:1      | Reached XP level 2. HP: 2/19 MP: 2/2
   275 | D:1      | Reached XP level 3. HP: 23/23 MP: 3/3
   882 | D:2      | Identified 2 scrolls of acquirement
   882 | D:2      | Acquired the +7 chain mail of Muitoirr {Int+4 Dex+5}
   894 | D:2      | Acquired 871 gold pieces
  1099 | D:2      | Reached XP level 4. HP: 24/30 MP: 4/4
  1311 | D:2      | Noticed Terence
  1317 | D:2      | HP: 1/30 [Terence/+0 flail (3)]
  1318 | D:2      | Slain by Terence

Illustrated notes

Levels and vault maps discovered:
D:1:      kb_arrival_jail, layout_basic, skrybe_limestone_x
D:2:      layout_loops_ring, uniq_terence

Skill      XL: |  1  2  3 |
---------------+----------+-----
Fighting       | 3 4 |  4.6
Ranged Weapons | |  5.3
Dodging        | |  2.4
Stealth        | |  1.3

Action                     |  1- 3 |  4- 6 || total
---------------------------+-------+-------++-------
   Fire: Shortbow          |    78 |    27 ||   105
    Use: Scroll            |     3 |     1 ||     4
 Armour: Chain mail        |    18 |    22 ||    40
         Leather armour    |     5 |       ||     5
  Dodge: Dodged            |    20 |    10 ||    30

Table legend: (Time is in decaauts)
 A = Elapsed time spent in this place.
 B = Non-inter-level travel time spent in this place.
 C = Inter-level travel time spent in this place.
 D = Time resting spent in this place.
 E = Time spent auto-exploring this place.
 F = Levels seen in this place.
 G = Mean time per level.
                   A        B        C        D        E       F      G
               +--------+--------+--------+--------+--------+-----+--------+
         Total |   1368 |   1360 |      8 |      0 |   1135 |   2 |  684.0 |
       Dungeon |   1368 |   1360 |      8 |      0 |   1135 |   2 |  684.0 |
               +--------+--------+--------+--------+--------+-----+--------+

Top non-repeatable levels by time:
     D:1: 890 daAuts
     D:2: 478 daAuts
